[Event "*** Qualifier 2: Titled Tuesday 3|2 Blitz"]
[Site "Chess.com"]
[Date "2017.04.11"]
[Round "5"]
[White "SmoothAsAHedgehog"]
[Black "PelinGorki"]
[Result "0-1"]
[WhiteElo "2513"]
[BlackElo "2391"]
[TimeControl "180+2"]
[EndTime "14:07:32 PDT"]
[Termination "PelinGorki won by resignation"]

1. Nf3 c5 2. c4 g6 3. g3 Bg7 4. Bg2 Nc6 5. Nc3 e5 6. a3 d6 7. O-O a5 8. Rb1 Be6 9. d3 Nge7 10. Bg5 f6 11. Bd2 d5 12. cxd5 Nxd5 13. Nxd5 Bxd5 14. b4 axb4 15. axb4 c4 16. b5 Ne7 17.
Bb4 cxd3 18. Qxd3 e4 19. Bxe7 Kxe7 20. Qe3 Kf7 21. Nd4 f5 22. Rfd1 Qf6 23. f3 Rhe8 24.
fxe4 Bxe4 25. Bxe4 Rxe4 26. Qb3+ Kf8 27. e3 Rae8 28.
Nc2 Qb6 29. Rd7 R8e7 30. Rbd1 Bh6 31. Rd8+ Re8 32. R1d7 Re7 33. Rxe7 Kxe7 34. Rxe8+ Kxe8 35. Qg8+ Bf8 36. Qxh7 Bc5 37. Kf2 Kd8 38. Qg8+ Kc7 39.
Qc4 Kb8 40. Nd4 Qd6 41. h4 Qe7 42. Qg8+ Ka7 43. Qxg6 f4 44. gxf4 Qxh4+ 45. Kf3 Qh1+ 46.
Qg2 Qh5+ 47. Kf2 Qd1 48. Qf1 Qd2+ 49. Qe2 Qc3 50. Qa2+ Kb6 51. Qe6+ Ka5 52. Qd5 Kb4 53. f5 Qd2+ 54. Kf3 Qh2 55. Qe4 Qh1+ 56. Kf4 Bd6+ 57. Qe5 Qh2+ 0-1

[Event "*** Qualifier 2: Titled Tuesday 3|2 Blitz"]
[Site "Chess.com"]
[Date "2017.04.11"]
[Round "5"]
[White "Cayse"]
[Black "tigra"]
[Result "1-0"]
[WhiteElo "2615"]
[BlackElo "2603"]
[TimeControl "180+2"]
[EndTime "14:07:53 PDT"]
[Termination "Cayse won by resignation"]

1. e4 e6 2. d4 d5 3. Nd2 c5 4. Ngf3 Nf6 5. e5 Ne4 6. c3 Nc6 7. Bd3 Nxd2 8. Bxd2 Qb6 9. O-O cxd4 10. cxd4 Qxb2 11.
Rb1 Qa3 12. Rb3 Qxa2 13. Bc3 a6 14. Bc2 Be7 15. Qd2 Qa4 16. Rxb7 Qc4 17. Rb6 Na7 18. Bb3 Qc7 19. Ba5 Qd7 20. Rc1 O-O 21. h4 Bb7 22. h5 Rfc8 23. Rb1 Nb5 24. h6 g6 25. Ba4 Bc6 26. Nh2 Nxd4 27. Rb7 Qe8 28. Rxe7 Qxe7 29. Qxd4 Bxa4 30. Qxa4 Rab8 31. Rxb8 Rxb8 32. g3 f5 33. exf6 Qxf6 34. Bc7 Rf8 35. Ng4 Qf5 36. Qd4 Rf7 37.
Be5 Qb1+ 38. Kg2 Qe4+ 39. Qxe4 dxe4 40. Nf6+ Kh8 41. Nxe4+ Kg8 42. Nf6+ Kh8 43. Kf3 a5 44. Ke4 a4 45. Nd7+ Kg8 46. Nf6+ Kh8 47. Kd4 Rb7 48. Bd6 Rb3 49. Bf8 Rb7 50. Ke5 Ra7 51. Ba3 Ra6 52. f3 Rb6 53. Bf8 Rb7 54. Kxe6 Rb6+ 55. Ke5 Rb7 56.
g4 Ra7 57. Bg7+ Rxg7 58. hxg7+ Kxg7 59. Ne4 h5 60. gxh5 gxh5 61. Kf5 a3 62. Nc3 Kh6 63. Na2 h4 64. Kg4 Kg6 65. Kxh4 Kf5 66. Kg3 Kg5 67. f4+ Kf5 68. Kf3 Kf6 69. Ke4 Ke6 70.
f5+ Kf6 71. Kf4 Kf7 72. Ke5 Ke7 73. f6+ Kf7 74. Nc3 1-0

[Event "*** Qualifier 2: Titled Tuesday 3|2 Blitz"]
[Site "Chess.com"]
[Date "2017.04.11"]
[Round "5"]
[White "dhanushbharadwaj"]
[Black "Rodalquilar"]
[Result "1/2-1/2"]
[WhiteElo "2331"]
[BlackElo "2520"]
[TimeControl "180+2"]
[EndTime "14:07:59 PDT"]
[Termination "Game drawn by stalemate"]

1. Nf3 Nf6 2. c4 e6 3. g3 d5 4. b3 Be7 5. Bg2 O-O 6. O-O a5 7. Bb2 a4 8. d3 c6 9. Nbd2 a3 10. Bc3 b5 11. Rc1 Qb6 12. e3 Rd8 13. Qc2 Ba6 14. Rfd1 Nbd7 15. Ne5 Nxe5 16. Bxe5 Nd7 17. Ba1 Rac8 18. Qc3 Bf6 19. Qc2 Bxa1 20. Rxa1 bxc4 21. bxc4 Ne5 22. Rab1 Qa5 23. Nb3 Qa4 24. c5 Rb8 25. h3 Rb4 26. f4 Nxd3 27. Rxd3 Bxd3 28. Qxd3 Rdb8 29. Bf1 Rxb3 30. axb3 a2 31. Ra1 Rxb3 32. Qc2 Ra3 33. Qxa4 Rxa4 34. Kf2 f6 35. Ke2 Ra3 36.
Kd2 e5 37. fxe5 fxe5 38. Bd3 e4 39. Bc2 Kf7 40. Bd1 g6 41. Bg4 Ke7 42. Kc2 h5 43.
Bc8 Kd8 44. Be6 Ke7 45. Bc8 Rxe3 46. Rxa2 Rxg3 47. Ra7+ Kf6 48. Rc7 d4 49. Rxc6+ Ke5 50. Re6+ Kd5 51. Re8 e3 52. Kd3 Kxc5 53. Re5+ Kd6 54.
Re4 Kc5 55. Re5+ Kd6 56. Re4 Kc5 57. Re5+ Kc6 58. Kxd4 Kc7 59. Rc5+ Kd6 60. Rd5+ Ke7 61. Re5+ Kd8 62. Rxe3 Rxe3 63. Kxe3 Kxc8 64. Kf4 Kd7 65. Kg5 Ke6 66. Kxg6 h4 67. Kg5 Kf7 68. Kxh4 Kg7 69. Kg5 Kh7 70. h4 Kh8 71. h5 Kg8 72. h6 Kh8 73. Kg6 Kg8 74. h7+ Kh8 75. Kh6 1/2-1/2

[Event "*** Qualifier 2: Titled Tuesday 3|2 Blitz"]
[Site "Chess.com"]
[Date "2017.04.11"]
[Round "5"]
[White "Maitreia"]
[Black "GrigorGrigorov"]
[Result "0-1"]
[WhiteElo "2495"]
[BlackElo "2503"]
[TimeControl "180+2"]
[EndTime "14:08:03 PDT"]
[Termination "GrigorGrigorov won by resignation"]

1. c4 g6 2. g3 Bg7 3. Bg2 c5 4.
Nc3 Nc6 5. Nf3 e6 6. d4 cxd4 7. Nb5 d6 8. Nfxd4 Nxd4 9. Nxd4 a6 10. O-O Ne7 11. b3 O-O 12. Bb2 Rb8 13. a4 b6 14. Qd2 Bb7 15. Rfd1 Bxg2 16. Kxg2 Rb7 17. Nf3 Bxb2 18. Qxb2 Rd7 19. Rd2 Nc6 20. Rad1 Qe7 21. Nd4 Nxd4 22. Rxd4 Rc8 23. Qd2 Rc6 24. a5 Qd8 25. axb6 Qxb6 26. Qh6 Qxb3 27. R1d3 Qb7 28. f3 a5 29. Rh4 f5 30. g4 Rxc4 31. gxf5 Rxh4 32.
Qxh4 gxf5 33. Qf6 Rg7+ 34. Kh3 Qd7 35. Rb3 Qe8 36. Kh4 Rg6 37. Qd4 Qf8 38. Kh3 Qh6+ 39. Qh4 Qxh4+ 40. Kxh4 Rg7 41. Rb8+ Kf7 42. Ra8 Kf6 43.
Kh3 Rb7 44. Rxa5 Rb2 45. e4 fxe4 46. fxe4 Rb4 47. e5+ dxe5 48. Kg3 Rf4 49. Ra8 h5 50. Rh8 Kg5 51. Rg8+ Kf5 52. Rh8 h4+ 53. Kg2 Ke4 54. Re8 Ke3 55. Rxe6 e4 56. Re8 Rf3 57. h3 Rg3+ 58.
Kh2 Kf3 59. Rf8+ Ke2 60. Rh8 Kf2 61. Rxh4 e3 62. Rf4+ Rf3 63. Ra4 e2 64. Ra2 Kf1 65.
Ra1+ e1=Q 66. Rxe1+ Kxe1 67. Kg2 Ke2 68. h4 Ke3 69. h5 Rf5 70. h6 Rh5 71. h7 Rxh7 0-1

[Event "*** Qualifier 2: Titled Tuesday 3|2 Blitz"]
[Site "Chess.com"]
[Date "2017.04.11"]
[Round "5"]
[White "wonderfultime"]
[Black "maciek_92"]
[Result "0-1"]
[WhiteElo "2672"]
[BlackElo "2534"]
[TimeControl "180+2"]
[EndTime "14:08:36 PDT"]
[Termination "maciek_92 won by resignation"]

1. d4 Nf6 2. c4 e6 3. Nc3 Bb4 4. e3 O-O 5. Ne2 Re8 6. a3 Bf8 7. Ng3 d5 8. cxd5 exd5 9. b4 c6 10. Bd3 a5 11. b5 Nbd7 12. O-O c5 13. dxc5 Nxc5 14. Bc2 Be6 15. Bb2 Rc8 16. Nce2 Nce4 17. Nd4 Bg4 18. Qe1 Nxg3 19. hxg3 Bh5 20. Bf5 Rc4 21.
Bd3 Rc8 22. Rc1 Qb6 23. Nb3 a4 24. Bd4 Qd8 25. Nc5 Qe7 26. Qa5 Ne4 27. Bxe4 dxe4 28.
Qxa4 b6 29. Na6 Qxa3 30. Qxa3 Bxa3 31. Rxc8 Rxc8 32. Bxb6 Be2 33. Rb1 Kf8 34. Bd4 f6 35.
b6 Bxa6 36. Kh2 Bb7 37. Ra1 Bd6 38. Ra7 Rb8 39. Ra5 Ke7 40. Kg1 g6 41. g4 Ke6 42. g5 f5 43. g3 Ra8 44. Rb5 Ra4 45. Rb2 Kd7 46. Rc2 Bc6 47. Rd2 Ra5 48. Bc3 Rb5 49. Bd4 Bd5 50. Rc2 Bc6 51. Rd2 Rd5 52.
Ra2 Kc8 53. Ra7 Bb7 54. Ra2 Rb5 55. Rc2+ Kd8 56. Rd2 Kd7 57. Rd1 Rd5 58. Rc1 Ra5 59. Rd1 Kc6 60. Rc1+ Kd5 61. Rd1 Kc4 62. Bf6 Rd5 63.
Rc1+ Kb5 64. Rb1+ Kc6 65. Kg2 Bc5 66. Rh1 Rd7 67. Rc1 Kxb6 68. Rb1+ Kc6 69. Rc1 Kd6 70.
Rd1+ Ke6 71. Rc1 Be7 0-1

[Event "*** Qualifier 2: Titled Tuesday 3|2 Blitz"]
[Site "Chess.com"]
[Date "2017.04.11"]
[Round "5"]
[White "JoachimBN"]
[Black "Sebastian"]
[Result "1/2-1/2"]
[WhiteElo "2554"]
[BlackElo "2690"]
[TimeControl "180+2"]
[EndTime "14:08:40 PDT"]
[Termination "Game drawn by repetition"]

1. c4 g6 2. g3 c5 3. Bg2 Bg7 4.
Nc3 Nc6 5. Nf3 d6 6. O-O e6 7. e3 Nge7 8. d4 O-O 9. d5 Na5 10.
Qd3 exd5 11. cxd5 a6 12. e4 b5 13. Bf4 b4 14. Nd1 Bd7 15. a4 bxa3 16. Qxa3 Nc4 17.
Qa2 Bb5 18. Re1 h6 19. h4 a5 20. Nc3 Ba6 21. Bf1 Nb6 22. Bxa6 Rxa6 23. Rad1 Qd7 24. e5 Nf5 25. Ne4 Qa4 26. Qxa4 Nxa4 27. exd6 Nxb2 28.
Nxc5 Raa8 29. Rb1 a4 30. d7 a3 31. Be5 Nc4 32. Bxg7 Kxg7 33. Rec1 Nfd6 34. Nd4 a2 35. Ra1 Rfb8 36. Nc6 Rb5 37. Rxa2 Rxa2 38. d8=Q Rxc5 39.
Qe7 Rxd5 40. Nb4 Re5 41. Qxe5+ Nxe5 42. Nxa2 g5 43. hxg5 hxg5 44. Nb4 f6 45. Nc6 Nf3+ 46. Kg2 g4 47. Rd1 Ne4 48. Nd4 Nxd4 49. Rxd4 f5 50. Kf1 Kf6 51. Ke2 Ke5 52. Ke3 Nxf2 53. Rd8 Nh3 54.
Rf8 Ng5 55. Ra8 Nh3 56. Ra5+ Kf6 57. Rb5 Ng5 58. Rb1 Ke5 59. Ra1 Kf6 60. Ra6+ Ke5 61. Rg6 Ne4 62. Rg8 Nxg3 63. Re8+ Kf6 64. Rh8 Kg5 65.
Rg8+ Kf6 66. Rh8 Kg7 67. Rc8 Kg6 68. Rg8+ Kf6 69. Rf8+ Kg7 70. Rc8 Kg6 71. Rg8+ Kf6 72. Rf8+ Kg5 73. Rg8+ Kf6 74. Rf8+ 1/2-1/2

[Event "*** Qualifier 2: Titled Tuesday 3|2 Blitz"]
[Site "Chess.com"]
[Date "2017.04.11"]
[Round "5"]
[White "Lector118"]
[Black "igorkovalenko"]
[Result "0-1"]
[WhiteElo "2413"]
[BlackElo "2652"]
[TimeControl "180+2"]
[EndTime "14:08:52 PDT"]
[Termination "igorkovalenko won by resignation"]

1. d4 Nf6 2. c4 e6 3. g3 c5 4. d5 exd5 5. cxd5 d6 6. Nc3 g6 7.
Bg2 Bg7 8. Nf3 O-O 9. O-O Re8 10. Bf4 Bf5 11. Nd2 Nh5 12. Be3 Nd7 13. a4 a6 14. Nc4 Ne5 15. Nxe5 Bxe5 16. Bd2 Qd7 17. Re1 Bh3 18. Bf3 Nf6 19. a5 Rab8 20. Na4 h5 21. Bc3 h4 22. Qd3 Kg7 23. Nb6 Qc7 24. Nc4 Bxc3 25.
Qxc3 hxg3 26. hxg3 Bd7 27. e4 Bb5 28. e5 dxe5 29. d6 Qd7 30. Nxe5 Qf5 31. Rad1 Rbd8 32.
Bxb7 Re6 33. Bd5 Nxd5 34. Rxd5 f6 35. Rxc5 Rdxd6 36. Rc7+ Kf8 37. Rc8+ Be8 38. Nf3 Rxe1+ 39. Nxe1 Rd1 40. Qb4+ Kf7 41. Qb3+ Qd5 42. Qxd5+ Rxd5 43. Rc7+ Ke6 44. f4 Rxa5 45. Kf2 Ra2 46. Nd3 Bb5 47.
Ke3 Bxd3 48. Kxd3 Rxb2 49. g4 Rb3+ 50. Ke4 Rb4+ 51. Ke3 Rb3+ 52. Ke4 f5+ 53. gxf5+ gxf5+ 54. Kd4 Rb4+ 55. Ke3 Re4+ 56. Kf3 Ra4 57. Ke3 a5 58. Rc5 Re4+ 59. Kf3 a4 60. Ra5 Rb4 61. Ke3 Kf6 62. Ra6+ Kf7 63. Ra5 Kg6 64. Ra7 Rb3+ 65. Kd4 a3 66. Ra6+ Kh5 67. Ke5 Rb5+ 68. Kd4 Kg4 69. Rxa3 Kxf4 70. Kd3 Kf3 71. Kd2+ Kf2 72. Rd3 f4 73.
Rd8 f3 74. Rd7 Re5 75. Kd3 Kf1 76. Rf7 f2 77. Kd2 Re6 78. Rg7 Rd6+ 0-1

[Event "*** Qualifier 2: Titled Tuesday 3|2 Blitz"]
[Site "Chess.com"]
[Date "2017.04.11"]
[Round "5"]
[White "likantrophuss"]
[Black "chessking2151"]
[Result "1-0"]
[WhiteElo "2396"]
[BlackElo "2335"]
[TimeControl "180+2"]
[EndTime "14:09:11 PDT"]
[Termination "likantrophuss won on time"]

1. b3 Nf6 2. Bb2 d6 3. g3 g6 4. Bg2 Bg7 5. e4 O-O 6. Nc3 e5 7. Nge2 Re8 8. h3 c6 9. O-O d5 10. d3 Be6 11. Kh2 Qd7 12. f4 dxe4 13. dxe4 exf4 14. Nxf4 Qxd1 15. Raxd1 Bc8 16. Na4 Nbd7 17. Rfe1 b5 18. Nc3 Ne5 19. a4 b4 20. Nce2 Nfg4+ 21.
Kg1 Ne3 22. Rd6 Nxc2 23. Rc1 Ne3 24. Bxe5 Bxe5 25. Rdxc6 Bd7 26. R6c5 Bd6 27. Ra5 Nxg2 28. Kxg2 Rxe4 29. Rd5 Bxf4 30. Nxf4 Bf5 31. Rb5 Rae8 32. Rc4 Rxc4 33. bxc4 a5 34. Nd5 Kg7 35. g4 Bd3 36. Nb6 Rb8 37. Kf2 h5 38. Ke3 Bf1 39. gxh5 gxh5 40.
h4 Kg6 41. Rg5+ Kh6 42. c5 b3 43. Kd2 f6 44. Rg1 Bh3 45. Rg3 Be6 46. Re3 Bf7 47. Rc3 Rd8+ 48. Kc1 Rb8 49. Kb2 Be6 50. Re3 Bf7 51.
Re7 Kg6 52. Rd7 f5 53. c6 Rxb6 54. c7 Rc6 55. Rd6+ Rxd6 56. c8=Q Rd2+ 57. Kb1 Rd1+ 58.
Kb2 Rd2+ 59. Ka1 b2+ 60. Kb1 Bd5 61. Qe8+ Kf6 62. Qh8+ Ke7 63. Qh7+ Kd8 64. Qh8+ Kd7 65.
Qg7+ Kc8 66. Qf8+ Kd7 67. Qxf5+ Be6 68. Qb5+ Ke7 69. Qxa5 Re2 70. Qg5+ Kf7 71. Qxh5+ Ke7 72. Qxe2 1-0

[Event "*** Qualifier 2: Titled Tuesday 3|2 Blitz"]
[Site "Chess.com"]
[Date "2017.04.11"]
[Round "5"]
[White "TheNextLevelFan"]
[Black "VMikhalevski"]
[Result "0-1"]
[WhiteElo "2387"]
[BlackElo "2538"]
[TimeControl "180+2"]
[EndTime "14:09:16 PDT"]
[Termination "VMikhalevski won on time"]

1. d4 Nf6 2. Nf3 g6 3. g3 Bg7 4.
Bg2 c5 5. O-O cxd4 6. Nxd4 Nc6 7.
c4 Qb6 8. Nb3 O-O 9. Nc3 d6 10.
Be3 Qd8 11. c5 Ng4 12. Bf4 dxc5 13. Qxd8 Rxd8 14. Nxc5 Bd4 15. Bxc6 bxc6 16. Rad1 Bf5 17. Nb3 Bg7 18. Bc7 Rdc8 19. Bf4 Ne5 20. Na5 Be6 21. Kg2 c5 22. Nd5 Kf8 23. Bg5 f6 24. Bf4 c4 25. Bxe5 fxe5 26. e4 Rc5 27. b4 cxb3 28. Nxb3 Rc2 29. Rd2 Rc4 30. f3 a5 31.
Rff2 a4 32. Na1 Rb8 33. Nc2 Bh6 34. Rde2 Rc5 35. Nce3 a3 36. Rc2 Bxe3 37. Nxe3 Rxc2 38. Nxc2 Ra8 39. Ne3 Rc8 40. Nc2 Rc3 41. Nb4 Ke8 42.
Rd2 Bc4 43. Kf2 Rc1 44. Nc2 Bxa2 45. Nxa3 Bb3 46. Nb5 Rc5 47. Na3 g5 48. Rb2 Ba4 49. g4 Rc3 50. Nb1 Rd3 51. Nd2 Bd1 52. Ra2 Kf7 53.
Rb2 Ke6 54. Rb6+ Kd7 55. Rb2 Kc6 56. Ra2 Kb5 57. Rb2+ Kc5 58. h3 Kd4 59. Ke1 Bxf3 60. Rb7 Bg2 61. Rxe7 Ke3 62. Nc4+ Kxe4 63. Nxe5 Rxh3 64.
Kf2 Bh1 65. Nf3+ Kf4 66. Re4+ Kxe4 67. Nxg5+ Kf4 68. Nxh3+ Kxg4 69. Ng1 h5 70. Ne2 Bf3 71. Nd4 Be4 72. Kg1 Kh3 73. Ne2 h4 74. Nf4+ Kg4 75.
Ng2 h3 76. Ne3+ Kf3 77. Nf1 Bd3 78. Nh2+ Kg3 79. Kh1 Be4+ 80. Kg1 Bg2 0-1

[Event "*** Qualifier 2: Titled Tuesday 3|2 Blitz"]
[Site "Chess.com"]
[Date "2017.04.11"]
[Round "5"]
[White "RobertoJBM"]
[Black "Konavets"]
[Result "0-1"]
[WhiteElo "2417"]
[BlackElo "2595"]
[TimeControl "180+2"]
[EndTime "14:09:21 PDT"]
[Termination "Konavets won on time"]

1. d4 Nf6 2. Nc3 d5 3. Bg5 c6 4. Qd2 Qb6 5. Rb1 Bf5 6. f3 h6 7. Bh4 Nbd7 8. e3 e5 9. Bd3 exd4 10. exd4 Qxd4 11. Bxf5 Qxh4+ 12. g3 Qb4 13. Bxd7+ Kxd7 14. Nge2 Qb6 15. Kf1 Re8 16. Kg2 Bd6 17. Rhe1 Qe3 18. Qd1 h5 19. Nd4 Qxe1 20. Qxe1 Rxe1 21. Rxe1 g6 22. Re2 Re8 23. Rxe8 Nxe8 24. f4 Ng7 25. Nce2 Ne6 26. c3 c5 27. Nxe6 Kxe6 28. Kf3 b5 29. b3 a5 30. h3 b4 31. g4 hxg4+ 32. hxg4 Kd7 33. cxb4 axb4 34. Nc1 c4 35. Ne2 Bc5 36. g5 Ke6 37. Ng3 Kd6 38. Ke2 Kc6 39. Kd2 Bd6 40. Ne2 Kc5 41. Ke3 Bc7 42. Ng1 c3 43.
Ne2 d4+ 44. Ke4 d3 45. Kxd3 Kd5 46. Ke3 Bb6+ 47. Kd3 Bf2 48. a3 bxa3 49. Nxc3+ Kc5 50. Na2 Be1 51. Ke4 Bd2 52. Ke5 Be3 53. Ke4 Bg1 54. Ke5 Bh2 55. Ke4 Kd6 56. Nc3 Kc6 57. Na2 Bg1 58.
Nb4+ Kd6 59. Na2 Bb6 60. Nc3 Kc5 61. Na2 Bc7 62. Ke3 Bb8 63. Ke4 Bd6 64. Ke3 Bf8 65. Ke4 Bg7 66. Ke3 Bb2 67. Ke4 Kc6 68.
Nb4+ Kb5 69. Na2 Kc5 70. Ke3 Kd5 71. Nb4+ Ke6 72. Ke4 Bc3 73. Na2 Bd2 74. b4 Kd6 75. b5 Kc5 76. Ke5 Kxb5 77. Kf6 Bxf4 78. Kxf7 Bxg5 79.
Kxg6 Bd2 80. Kf5 Kc4 81. Ke4 Kb3 0-1

[Event "*** Qualifier 2: Titled Tuesday 3|2 Blitz"]
[Site "Chess.com"]
[Date "2017.04.11"]
[Round "5"]
[White "Spartakus1975"]
[Black "Vamostodorecto"]
[Result "1-0"]
[WhiteElo "2536"]
[BlackElo "2326"]
[TimeControl "180+2"]
[EndTime "14:10:08 PDT"]
[Termination "Spartakus1975 won on time"]

1. e4 e5 2. Nf3 Nc6 3. Bb5 a6 4.
Bxc6 dxc6 5. O-O f6 6. d4 Bg4 7.
c3 Bd6 8. Be3 Ne7 9. Nbd2 Ng6 10.
Qb3 b5 11. a4 Qd7 12. c4 Be6 13. axb5 cxb5 14. d5 Bg4 15. cxb5 O-O 16. bxa6 f5 17. exf5 Qxf5 18. Qc4 Qh5 19. Ra4 e4 20. Qxe4 Bxf3 21. Nxf3 Rxf3 22. g3 Ne5 23. h4 Qg6 24. Bf4 Qxe4 25.
Rxe4 Nd3 26. Kg2 Rxf4 27. gxf4 Nxf4+ 28. Kf3 Nxd5 29. Ra1 Nb4 30. a7 Nc6 31. Rea4 Bc5 32. Ke4 Rxa7 33. Rxa7 Bxa7 34. Kd5 Nb4+ 35. Kc4 Nc6 36.
Kb5 Nd4+ 37. Kc4 Bb6 38. Rd1 Nf3 39. Kd5 Nxh4 40. b4 Bxf2 41. b5 Bb6 42. Ke6 h5 43. Rh1 g5 44. Kf6 Be3 45. Re1 Bf4 46. Re8+ Kh7 47. Re7+ Kh6 48. Re8 Kh7 49. Re7+ Kh6 50. Re8 Ng6 51. Rg8 Be5+ 52. Kf7 Nh8+ 53. Ke6 Bd4 54.
Rd8 Bg7 55. Rc8 g4 56. Rxc7 g3 57. Rc2 Bd4 58. Kf5 Nf7 59. b6 Bxb6 60. Rc6+ Kg7 61. Rxb6 g2 62. Rb1 h4 63. Kg4 Ne5+ 64. Kf4 h3 65.
Kg3 Kf6 66. Kxh3 Nf3 67. Kxg2 Ne5 68. Rb5 Ke6 69. Kg3 Kd6 70. Kf4 Nd3+ 71. Ke4 Nc5+ 72. Kd4 Ne6+ 73. Kc4 Kc6 74. Rh5 Kd6 75. Rf5 Kc6 76. Rd5 Nc7 77. Rd2 Ne6 78. Rd1 Nc7 79. Rh1 Kd6 80. Rh6+ Ne6 81. Rg6 Ke5 82. Kc3 Kf5 83.
Rg2 Ke5 84. Kc4 Kf5 85. Rf2+ Nf4 86. Kd4 Kg4 87. Ke4 Nh3 88. Rg2+ Kh4 89. Rg8 Kh5 90. Kf5 Kh4 91. Rg7 Nf2 92. Kf4 Nh3+ 93. Kf5 Nf2 94. Rg2 Nh3 95. Ke4 Ng5+ 96. Ke3 Nh3 97. Rg8 1-0

[Event "*** Qualifier 2: Titled Tuesday 3|2 Blitz"]
[Site "Chess.com"]
[Date "2017.04.11"]
[Round "5"]
[White "FancyPlaySyndrome"]
[Black "Iball95"]
[Result "1/2-1/2"]
[WhiteElo "2391"]
[BlackElo "2536"]
[TimeControl "180+2"]
[EndTime "14:10:29 PDT"]
[Termination "Game drawn - insufficient material"]

1. g3 Nf6 2. Bg2 c5 3. d3 g6 4.
e4 Nc6 5. f4 d6 6. Nc3 Bg7 7. Nf3 O-O 8. O-O Rb8 9. h3 b5 10.
g4 b4 11. Ne2 Nd7 12. Ng3 Ba6 13. f5 Nd4 14. g5 Ne5 15. Nxd4 cxd4 16. b3 Rc8 17.
Rf2 Bb7 18. a3 a5 19. axb4 axb4 20. Ra4 Qb6 21. f6 exf6 22. gxf6 Bh8 23. Bh6 Rfe8 24. h4 d5 25. exd5 Bxf6 26. Rxb4 Qxb4 27. Rxf6 Nd7 28. Rf1 Qd6 29. Qf3 Ne5 30. Qf4 Bxd5 31. Bxd5 Qxd5 32. Qf6 Nf3+ 33. Rxf3 Qe5 34. Ne4 Re7 35.
Bg5 Qxf6 36. Bxf6 Rec7 37. Nd6 Ra8 38. Nc4 Ra1+ 39. Kg2 Rd7 40. Rf2 Kf8 41. Re2 Ra6 42.
Rf2 Re6 43. b4 Rb7 44. Bxd4 f5 45. Bc5+ Kg7 46. d4 Re4 47. Nd6 Rg4+ 48. Kf3 Rb8 49. b5 Rxh4 50. b6 Rh3+ 51. Kg2 Rc3 52. b7 h5 53. Kf1 Kh6 54. Ke1 h4 55. Kd2 Rg3 56.
Ba7 Rxb7 57. Nxb7 h3 58. Bb8 Ra3 59. Nc5 Kh5 60. Ne6 Kg4 61. Bf4 Ra5 62. d5 Rxd5+ 63. Ke3 Rd1 64. Nd4 g5 65. Bxg5 Kxg5 66. Rxf5+ Kg4 67.
Rf8 h2 68. Rg8+ Kh3 69. Rh8+ Kg2 70. Rg8+ Kh3 71. Rh8+ Kg2 72. Ne2 h1=Q 73. Rxh1 Rxh1 74.
c4 Rh4 75. Kd3 Kf3 76. c5 Rh5 77. Nd4+ Kf4 78. c6 Rh7 79. Kc4 Ke5 80. Kc5 Rh1 81. Nf3+ Ke6 82. Nd4+ Ke7 83. Nf5+ Kd8 84. Nd4 Kc8 85. Kd6 Rh6+ 86. Kc5 Kc7 87. Nb5+ Kc8 88. Nd6+ Kc7 89. Ne8+ Kd8 90. Nd6 Rf6 91. Kd5 Rg6 92.
Kc5 Rg5+ 93. Kb6 Rg7 94. Nb5 Rg6 95. Kc5 Rxc6+ 96. Kxc6 1/2-1/2

[Event "*** Qualifier 2: Titled Tuesday 3|2 Blitz"]
[Site "Chess.com"]
[Date "2017.04.11"]
[Round "5"]
[White "jcibarra"]
[Black "Witik"]
[Result "1/2-1/2"]
[WhiteElo "2647"]
[BlackElo "2505"]
[TimeControl "180+2"]
[EndTime "14:14:51 PDT"]
[Termination "Game drawn by 50-move rule"]

1. e4 c6 2. Nc3 d5 3. Nf3 Bg4 4.
h3 Bxf3 5. Qxf3 Nf6 6. d3 e6 7.
Bd2 Qb6 8. O-O-O d4 9. Ne2 c5 10.
g4 Nc6 11. g5 Nd7 12. h4 Rc8 13. Kb1 Bd6 14. h5 Nde5 15. Qh3 c4 16. f4 c3 17. Nxc3 dxc3 18. Bxc3 Nd4 19. Bxd4 Qxd4 20. fxe5 Qxe5 21. Qe3 O-O 22. g6 f5 23. h6 hxg6 24. hxg7 Kxg7 25. Qh6+ Kf7 26. exf5 gxf5 27. d4 Qf6 28. Qh5+ Ke7 29. Qf3 Rc7 30. Qe3 Kd8 31. Rh6 f4 32. Rxf6 fxe3 33.
Rxe6 Bf4 34. c3 Re7 35. Rxe7 Kxe7 36. Kc2 Rh8 37. Be2 Bg3 38. Kd3 Bf2 39. c4 Rh4 40. c5 Ke6 41. Rc1 Rf4 42. Rc4 Kd5 43. Rb4 Bg1 44.
Kc3 Bf2 45. Rxb7 Be1+ 46. Kd3 Rxd4+ 47. Kxe3 Rb4 48. Bb5 Kxc5 49. a4 Rxb2 50. Rxa7 Bf2+ 51. Kd3 Be1 52. Re7 Ba5 53. Re5+ Kd6 54. Rh5 Rb3+ 55.
Kc4 Rb4+ 56. Kd3 Rb3+ 57. Kc2 Rc3+ 58. Kb2 Rf3 59. Bc4 Bb4 60. Rb5 Bc5 61. a5 Kc6 62. a6 Rf2+ 63. Kc3 Rf3+ 64. Kc2 Ra3 65. Rb1 Bd4 66.
Kd2 Bc5 67. Be2 Ra2+ 68. Kd1 Ra3 69. Bb5+ Kd6 70. Kc2 Bd4 71. Bd3 Rc3+ 72. Kd2 Ra3 73. Rb7 Ra2+ 74. Kc1 Ra1+ 75. Kc2 Ra2+ 76. Kd1 Be3 77.
Ke1 Bd4 78. Bc4 Ra3 79. Ke2 Re3+ 80. Kd2 Ra3 81. Bb5 Kc5 82. Kc2 Ra2+ 83. Kd3 Ra5 84.
a7 Bg1 85. Bc4 Kd6 86. Rb1 Bxa7 87. Ke4 Re5+ 88. Kd3 Bc5 89. Rb7 Re3+ 90. Kd2 Rg3 91. Bb5 Bb4+ 92. Ke2 Kc5 93. Bd7 Bc3 94. Rc7+ Kd4 95.
Be6 Re3+ 96. Kf2 Be1+ 97. Kg2 Ke5 98. Bc8 Rg3+ 99. Kf1 Bb4 100. Kf2 Ra3 101. Rb7 Bc5+ 102. Ke2 Kd4 103. Bf5 Re3+ 104. Kd2 Rf3 105. Bg4 Rf2+ 106. Be2 Rh2 107. Rd7+ Ke5 108. Kd3 Rh3+ 109. Kc4 Bd6 110. Rd8 Rh4+ 111. Kb5 Rb4+ 112. Kc6 Rb2 113. Kd7 Bc5 114. Kc6 Be7 115. Re8 Kf6 116. Bc4 Rc2 117. Kd5 Rc1 118. Rh8 Rd1+ 119. Ke4 Bc5 120. Rh6+ Kg5 121. Rc6 Bg1 122. Be2 Rd4+ 123. Kf3 Rf4+ 124. Kg3 Bf2+ 125. Kg2 Bd4 126. Re6 Rf2+ 127. Kg3 Rf8 128. Re4 Bf2+ 129. Kg2 Bb6 130. Rg4+ Kh6 131. Bd3 Rf6 132. Kg3 Bc7+ 133. Kg2 Bf4 134. Kf3 Bg5+ 135. Ke2 Re6+ 136. Be4 Kh5 137. Kf3 Kh6 138. Rg2 Rf6+ 139. Kg3 Rf4 140. Re2 Kg7 141. Bd5 Rd4 142. Be4 Kf6 143. Kg4 Bd2 144. Kf3 Bg5 145. Rc2 Rb4 146. Rc6+ Ke7 147. Rc5 Bf6 148. Kf4 Bd4 149. Rc6 Rb2 150. Bd5 Re2 151. Be4 Rf2+ 152. Bf3 Kd7 153. Ra6 Bc5 154. Ke4 Rd2 155. Ke5 Bd6+ 156. Ke4 Ke7 157. Bg4 Rb2 158. Kf5 Rb5+ 159. Kg6 Rb4 160. Ra7+ Ke8 161. Bd7+ Kd8 1/2-1/2

[Event "*** Qualifier 2: Titled Tuesday 3|2 Blitz"]
[Site "Chess.com"]
[Date "2017.04.11"]
[Round "6"]
[White "OparinGrigoriy"]
[Black "GeorgMeier"]
[Result "1/2-1/2"]
[WhiteElo "2658"]
[BlackElo "2710"]
[TimeControl "180+2"]
[EndTime "14:18:06 PDT"]
[Termination "Game drawn by repetition"]

1. Nf3 d5 2. g3 Bg4 3. Bg2 e6 4. c4 c6 5. cxd5 Bxf3 6. Bxf3 cxd5 7. O-O Nc6 8. d4 Nf6 9. e3 Be7 10.
Nc3 O-O 11. Qe2 Rc8 12. Bd2 Nd7 13. Rfc1 Nb6 14. Be1 Qd7 15. Bg2 a6 16. Rab1 Rc7 17. Qd1 Rfc8 18. Ne2 Nc4 19. a3 b5 20. Nf4 a5 21. Nd3 a4 22. Qe2 h6 23. h4 Rb8 24. h5 Rcb7 25. Ra1 Rc7 26. Rc2 Rbc8 27. Rac1 Bd6 28. Bf3 Qe7 29. Kg2 Qd7 30. Kg1 Qe7 31. Kg2 Qd7 32. Kg1 Qe7 1/2-1/2

[Event "*** Qualifier 2: Titled Tuesday 3|2 Blitz"]
[Site "Chess.com"]
[Date "2017.04.11"]
[Round "6"]
[White "andreimacovei2000"]
[Black "XiaoKangZhong"]
[Result "1-0"]
[WhiteElo "2392"]
[BlackElo "1939"]
[TimeControl "180+2"]
[EndTime "14:18:28 PDT"]
[Termination "andreimacovei2000 won by resignation"]

1. e4 c5 2. Nf3 d6 3. Bb5+ Bd7 4. Bxd7+ Qxd7 5. O-O Nf6 6. Re1 Nc6 7. c4 e5 8. Nc3 Be7 9. d3 O-O 10. Bg5 Ne8 11.
Be3 f5 12. Nd5 f4 13. Bd2 Nf6 14. Bc3 h6 15. Rb1 Kh7 16. b4 cxb4 17. Nxb4 Nxb4 18. Bxb4 g5 19. d4 g4 20. Nh4 Nxe4 21. Rxe4 Bxh4 22. dxe5 Qf5 23. Qd5 Rae8 24. Rbe1 g3 25. hxg3 Bxg3 26. exd6 Qh5 27. Qxh5 1-0

[Event "*** Qualifier 2: Titled Tuesday 3|2 Blitz"]
[Site "Chess.com"]
[Date "2017.04.11"]
[Round "6"]
[White "Infernal_XaM"]
[Black "jefferyx"]
[Result "1/2-1/2"]
[WhiteElo "2741"]
[BlackElo "2659"]
[TimeControl "180+2"]
[EndTime "14:18:51 PDT"]
[Termination "Game drawn by agreement"]

1. c4 c5 2. g3 g6 3. Bg2 Bg7 4. e3 Nc6 5. Ne2 e6 6. O-O Nge7 7. d4 cxd4 8. Nxd4 Nxd4 9. exd4 d5 10. cxd5 exd5 11. Nc3 O-O 12. Bg5 Be6 13. Re1 Re8 14. Qd2 Qd7 15. Bxe7 Rxe7 16. Bxd5 Bxd5 17. Rxe7 Qxe7 18. Nxd5 Qd6 19. Ne3 Qxd4 20. Qxd4 Bxd4 21. Rc1 Bxb2 22. Rb1 Bd4 23. Rxb7 Rc8 24. a4 Rc3 25. Rd7 Bxe3 26. fxe3 Rxe3 27. Rxa7 Ra3 1/2-1/2

[Event "*** Qualifier 2: Titled Tuesday 3|2 Blitz"]
[Site "Chess.com"]
[Date "2017.04.11"]
[Round "6"]
[White "Gabrielian_Artur"]
[Black "jcibarra"]
[Result "0-1"]
[WhiteElo "2608"]
[BlackElo "2655"]
[TimeControl "180+2"]
[EndTime "14:19:53 PDT"]
[Termination "jcibarra won by resignation"]

1. e4 c5 2. Nf3 Nf6 3. e5 Nd5 4.
Nc3 e6 5. Nxd5 exd5 6. d4 Nc6 7.
c3 cxd4 8. Nxd4 d6 9. Bb5 Bd7 10. Nf3 dxe5 11. Bxc6 bxc6 12. Nxe5 Qe7 13. Qe2 f6 14. Nxd7 Qxe2+ 15. Kxe2 Kxd7 16. Be3 Bd6 17. Rhd1 a5 18. c4 Rhb8 19. b3 Ke6 20. cxd5+ cxd5 21. Rd3 a4 22. Rad1 axb3 23. axb3 Ra2+ 24. Kf3 Rb5 25.
Bd4 Be5 26. Re1 Ra3 27. Ree3 Kd6 28. Bxe5+ fxe5 29. Kg4 Rb4+ 30. Kg5 Ra2 31. Rg3 Rxf2 32.
Kh5 Rf5+ 33. Rg5 g6+ 34. Kh6 Rh4+ 35. Kg7 Rxg5 0-1